 Dungeon Crawl Stone Soup version 0.31-a0-865-g3d5d91748a (webtiles) character file.

Game seed: 1331372547192403644

3762 wvc the Arsonist (level 10, -3/75 HPs)
             Began as a Gargoyle Fire Elementalist on Oct 10, 2023.
             Was an Initiate of the Shining One.
             Killed from afar by an acid dragon (15 damage)
             ... with a splash of acid
             ... on level 8 of the Dungeon.
             The game lasted 00:25:00 (9415 turns).

wvc the Arsonist (Gargoyle Fire Elementalist)       Turns: 9415, Time: 00:25:01

Health: -3/75      AC: 21    Str: 12    XL:     10   Next: 15%
Magic:  18/22      EV:  2    Int: 20    God:    the Shining One [......]
Gold:   353        SH:  0    Dex: 10    Spells: 15/25 levels left

rFire   . . .        y - +5 dagger of Defiance {speed, +Blink rElec rN++ SInv}
rCold   + . .        (no shield)
rNeg    + + +        A - melded +2 leather armour {Will+}
rPois   ∞            q - melded +0 helmet
rElec   +            g - melded +2 cloak
rCorr   .            (gloves currently unavailable)
SInv    +            (boots currently unavailable)
Will    .....        (no amulet)
Stlth   +            j - ring of see invisible
HPRegen 0.32/turn    r - ring of protection from cold
MPRegen 0.18/turn

%: no passive effects
@: tree-form, corroded, glowing
A: stationary, stasis, torment immunity, boosted hp, sickness immunity, AC +7,
negative energy resistance 1, (electricity resistance), torment resistance 1,
petrification resistance
a: Renounce Religion, Evoke Blink


You were on level 8 of the Dungeon.
You worshipped the Shining One.
The Shining One was noncommittal.
You were a tree.
You visited 2 branches of the dungeon, and saw 9 of its levels.

You collected 353 gold pieces.

Inventory:

Hand Weapons
 n - a +2 dagger of electrocution
 v - a +3 long sword
 w - a +5 great sword
 y - the +5 dagger of Defiance (weapon) {speed, +Blink rElec rN++ SInv}
   (You found it on level 7 of the Dungeon)

   rElec:     It insulates you from electricity.
   rN++:      It greatly protects you from negative energy.
   SInv:      It lets you see invisible.
   +Blink:    It lets you blink.
Missiles
 t - 12 darts of dispersal
 B - 2 poisoned darts
Armour
 g - a +2 cloak (melded)
 q - a +0 helmet (melded)
 A - a +2 leather armour of willpower (melded)
Jewellery
 j - a ring of see invisible (left branch)
 r - a ring of protection from cold (right branch)
 u - an amulet of faith
Wands
 a - a wand of flame (5)
 e - a wand of charming (17)
Scrolls
 c - 3 scrolls of teleportation
 d - a scroll of fog
 f - 2 scrolls of identify
 i - a scroll of amnesia
 x - a scroll of summoning
 z - a scroll of immolation
Potions
 b - a potion of magic
 k - a potion of attraction
 l - a potion of brilliance {unknown}
 m - a potion of haste {unknown}
 o - a potion of cancellation {unknown}
 p - a potion of heal wounds
 s - a potion of curing {unknown}


   Skills:
 - Level 1.5 Dodging
 - Level 2.1 Stealth
 + Level 8.3 Spellcasting
 * Level 8.3 Conjurations
 + Level 9.0 Fire Magic


You had 15 spell levels left.
You knew the following spells:

 Your Spells              Type           Power      Damage    Failure   Level
a - Foxfire               Conj/Fire      100%       2x1d9     1%          1
b - Scorch                Fire           88%        2d8       1%          2
c - Flame Wave            Conj/Fire      43%        2d11      2%          4
d - Mephitic Cloud        Conj/Pois/Air  19%        N/A       8%          3

Your spell library contained the following spells:

 Spells                   Type           Power      Damage    Failure   Level
 Inner Flame              Hex/Fire       26%        N/A       3%          3
 Volatile Blastmotes      Fire/Tloc      52%        2d14      3%          3
 Necrotise                Necr           32%        1d5       9%          1
 Poisonous Vapours        Pois/Air       16%        N/A       12%         2
 Wereblood                Tmut           8%         N/A       12%         2
 Vampiric Draining        Necr           8%         2d6       24%         3
 Arcjolt                  Conj/Air       12%        1d22      38%         5
 Irradiate                Conj/Tmut      12%        3d15      38%         5
 Freezing Cloud           Conj/Ice/Air   9%         6-21      58%         5
 Vhi's Electric Charge    Tloc/Air       16%        N/A       63%         4
 Plasma Beam              Fire/Air       13%        2x1d24    89%         6
 Agony                    Necr           8%         N/A       92%         5


Dungeon Overview and Level Annotations

Branches:
Dungeon (8/15)             Temple (1/1) D:7
   Lair: D:8-11

Altars:
Ashenzari
Cheibriados
Dithmenos
Elyvilon
Fedhas
Gozag
Makhleb
Nemelex Xobeh
Okawaru
Qazlal
Ru
Uskayaw
Wu Jian
Xom
Zin
The Shining One

Annotations:
D:3 Grinder
D:8 1 transporter


Innate Abilities, Weirdness & Mutations

You are a tree.
Your roots penetrate the ground, keeping you stationary.
You cannot be teleported.
You are immune to unholy pain and torment.
Your maximum health is greatly increased.
Your equipment is partially melded.
You are immune to sickness and miasma.
((Your stone body is resilient. (AC +7)))
You are immune to poison.
You resist negative energy. (rN+)
((You are resistant to electric shocks. (rElec)))
You are resistant to unholy torment.
You are immune to petrification.


Message History

Confirm with . or Enter, or press ? or * to list all spells.
Flames lash the acid dragon.
The acid dragon is lightly wounded.
The acid dragon's fire resistance burns away.
Casting: Foxfire (safe; 1% risk of failure)
Press: ? - help, Q - select action, (/) - cycle Dir - look around, f - activate You conjure some foxfire!
The acid dragon closely misses you.
The acid dragon claws you but does no damage.
You hit the acid dragon but do no damage.
The acid dragon is lightly wounded.
The foxfire hits the acid dragon but does no damage.
The acid dragon is lightly wounded.
The foxfire hits the acid dragon but does no damage.
The acid dragon is lightly wounded.
Casting: Foxfire (safe; 1% risk of failure)
Press: ? - help, Q - select action, (/) - cycle Dir - look around, f - activate You conjure some foxfire!
The acid dragon is no longer more vulnerable to fire.
The acid dragon spits acid at you. The splash of acid hits you!!
Ouch! That really hurt!
* * * LOW HITPOINT WARNING * * *
You hit the acid dragon but do no damage.
The acid dragon is lightly wounded.
The foxfire hits the acid dragon.
The acid dragon is moderately wounded.
The acid dragon bites you.
* * * LOW HITPOINT WARNING * * *
The acid dragon claws you.
* * * LOW HITPOINT WARNING * * *
The foxfire hits the acid dragon.
The acid dragon is moderately wounded.
You turn into a tree.
Your +2 cloak melds into your body.
Your +0 helmet melds into your body.
Your +2 leather armour of willpower melds into your body.
You feel less strong-willed.
Your roots penetrate the ground.
The acid dragon spits acid at you. The splash of acid hits you!
You die...

...####.#.#........##
......#.#..#.#.........#
##.#.....<.....#..........##
...#............##......###
......$......#...#....#.#
.............##.#..####.# ##
..............#.....##..#..#
................#..........#
....D.....#♣...##...........
#........#D....##...#.#...#
................####.###....
................##.#.#.....#
............................
..#...........######........
. #.......#...# ###..#.####
.............# ##.^....#8P.
.............###...##..#P./


You could see an acid dragon (catching breath).

Vanquished Creatures
  A two-headed ogre (D:8)
  Eustachio (D:4)
  A water moccasin (D:4)
  2 ice beasts (D:6)
  A black bear (D:6)
  An orc warrior (D:6)
  2 centaurs
  3 phantoms
  A gnoll sergeant (D:4)
  A bullfrog (D:5)
  A scorpion (D:3)
  19 wights
  2 howler monkeys (D:7)
  2 gnoll boudas (D:4)
  3 hounds
  4 jellies
  3 orc priests
  Ijyb (D:5)
  4 iguanas
  4 orc wizards
  14 gnolls
  7 adders
  2 shadow imps
  3 ufetubi (D:5)
  A worm (D:2)
  A dart slug (D:4)
  25 orcs
  6 ball pythons
  8 endoplasms
  5 giant cockroaches
  5 hobgoblins
  7 jackals
  12 kobolds
  6 quokkas
  2 bats
  A frilled lizard (D:1)
  11 goblins
  2 rats (D:2)
175 creatures vanquished.

Vanquished Creatures (others)
  444 foxfires
444 creatures vanquished.

Grand Total: 619 creatures vanquished

Notes
Turn   | Place    | Note
-------+----------+-------------------------------------------
     0 | D:1      | wvc the Gargoyle Fire Elementalist began the quest for the
                  | Orb.
     0 | D:1      | Reached XP level 1. HP: 10/10 MP: 3/3
   206 | D:1      | Reached XP level 2. HP: 15/15 MP: 0/5
   816 | D:2      | Reached XP level 3. HP: 19/19 MP: 4/6
  1190 | D:2      | Learned a level 2 spell: Scorch
  1303 | D:2      | Reached XP level 4. HP: 14/24 MP: 5/7
  1486 | D:3      | Noticed a scorpion
  1495 | D:3      | Killed a scorpion
  1496 | D:3      | Reached skill level 4 in Fire Magic
  1496 | D:3      | Reached XP level 5. HP: 20/28 MP: 1/9
  2198 | D:3      | Noticed Grinder
  2936 | D:4      | Identified the +0 robe of Grottiness {+Inv rC- Dex-5
                  | Archmagi}
  2945 | D:4      | Reached XP level 6. HP: 32/32 MP: 5/11
  3108 | D:4      | Noticed a water moccasin
  3114 | D:4      | Killed a water moccasin
  3213 | D:4      | Reached XP level 7. HP: 36/36 MP: 7/12
  3330 | D:4      | Reached skill level 5 in Conjurations
  3330 | D:4      | Reached skill level 5 in Fire Magic
  3630 | D:5      | Entered Level 5 of the Dungeon
  3635 | D:5      | Noticed Eustachio
  3676 | D:4      | Killed Eustachio
  4183 | D:5      | Reached XP level 8. HP: 33/41 MP: 7/15
  4324 | D:5      | Reached skill level 5 in Spellcasting
  4468 | D:5      | HP: 2/41 [gnoll/+0 halberd of protection[a gnoll sergeant]
                  | (5)]
  5073 | D:5      | Reached skill level 6 in Fire Magic
  5523 | D:5      | Noticed Ijyb
  5808 | D:5      | Found a hide-covered altar of Uskayaw.
  6015 | D:5      | Killed Ijyb
  6172 | D:5      | Learned a level 4 spell: Flame Wave
  6636 | D:6      | Reached XP level 9. HP: 35/45 MP: 13/18
  6724 | D:6      | Learned a level 3 spell: Mephitic Cloud
  6949 | D:6      | Reached skill level 7 in Fire Magic
  7859 | D:7      | Found a blossoming altar of Fedhas.
  7937 | D:7      | Identified the +5 dagger of Defiance {speed, +Blink rElec
                  | rN++ SInv}
  8069 | D:6      | Reached skill level 8 in Fire Magic
  8340 | D:7      | Found a staircase to the Ecumenical Temple.
  8356 | Temple   | Entered the Ecumenical Temple
  8365 | Temple   | Became a worshipper of the Shining One
  8517 | D:7      | Found a sparkling altar of Nemelex Xobeh.
  8552 | D:7      | Found a broken altar of Ashenzari.
  8552 | D:7      | Found a snail-covered altar of Cheibriados.
  8553 | D:7      | Found a glowing silver altar of Zin.
  9240 | D:8      | Found a transporter.
  9264 | D:8      | Noticed a two-headed ogre
  9276 | D:8      | Killed a two-headed ogre
  9277 | D:8      | Reached skill level 9 in Fire Magic
  9277 | D:8      | Reached XP level 10. HP: 20/50 MP: 12/22
  9415 | D:8      | Killed from afar by an acid dragon

Illustrated notes

Levels and vault maps discovered:
D:1:      minmay_arrival_up_and_down, layout_basic, chequers_decorated_corner
D:2:      layout_basic
D:3:      layout_loops_corners, uniq_grinder
D:4:      layout_rooms, st_stairs_10, hangedman_decor_push, moated_statue,
          hangedman_abyss_or_decor_passed, minmay_puff
D:5:      layout_basic, nicolae_uskayaw_suspiria, uniq_eustachio, uniq_ijyb
D:6:      layout_gridville, hangedman_decor_lopped, minmay_unpleasant_kobolds
D:7:      layout_loops_corners, fedhas_bush_and_centaur_altar,
          chequers_temple_overflow_statue_of_worship,
          minmay_temple_entry_offerings
D:8:      gammafunk_wand_slinger, layout_cave_pools,
          mainiacjoe_overflow_concentric_impassable,
          nicolae_hepliaklqana_hippocampus, enter_bailey_2, uniq_erica
Temple:   nicolae_temple_two_arcs

Skill      XL: |  1  2  3  4  5  6  7  8  9 |
---------------+----------------------------+-----
Conjurations   | 2 3 4 5 6 8 |  8.3
Fire Magic     | 4 5 6 9 |  9.0
Spellcasting   | 3 4 6 8 |  8.3
Dodging        | |  1.5
Stealth        | |  2.1

Action                     |  1- 3 |  4- 6 |  7- 9 | 10-12 || total
---------------------------+-------+-------+-------+-------++-------
  Melee: Unarmed           |    21 |       |       |       ||    21
         Dagger            |    20 |    35 |   151 |     2 ||   208
         Punch             |       |       |     2 |       ||     2
   Cast: Foxfire           |    43 |    56 |   160 |     2 ||   261
         Scorch            |       |     3 |    94 |     1 ||    98
  Evoke: Wand              |       |       |     7 |       ||     7
    Use: Scroll            |       |       |    17 |       ||    17
         Potion            |       |       |     1 |     1 ||     2
   Stab: Sleeping          |       |     1 |       |       ||     1
 Armour: Robe              |    25 |    35 |    32 |       ||    92
         Leather armour    |       |       |   193 |     5 ||   198
         Skin              |       |       |       |     1 ||     1
  Dodge: Dodged            |    36 |    31 |   171 |     1 ||   239

Table legend: (Time is in decaauts)
 A = Elapsed time spent in this place.
 B = Non-inter-level travel time spent in this place.
 C = Inter-level travel time spent in this place.
 D = Time resting spent in this place.
 E = Time spent auto-exploring this place.
 F = Levels seen in this place.
 G = Mean time per level.
                   A        B        C        D        E       F      G
               +--------+--------+--------+--------+--------+-----+--------+
         Total |   9415 |   9242 |    173 |   1281 |   6207 |   9 | 1046.1 |
       Dungeon |   9396 |   9231 |    165 |   1281 |   6207 |   8 | 1174.5 |
        Temple |     18 |     10 |      8 |      0 |      0 |   1 |   18.0 |
               +--------+--------+--------+--------+--------+-----+--------+

Top non-repeatable levels by time:
     D:5: 1802 daAuts
     D:4: 1591 daAuts
     D:7: 1545 daAuts
     D:6: 1486 daAuts
     D:3: 1296 daAuts
     D:1: 749 daAuts
     D:2: 727 daAuts
     D:8: 197 daAuts
  Temple: 18 daAuts
